 Dungeon Crawl Stone Soup version 0.31-a0-845-g9abc20d24f (webtiles) character file.

Game seed: 7369588517027687550

1864 Darius099 the Cleaver (level 8, 0/64 HPs)
             Began as a Minotaur Fighter on Oct 3, 2023.
             Was an Initiate of Okawaru.
             Asphyxiated
             ... on level 8 of the Dungeon.
             The game lasted 00:10:35 (5464 turns).

Darius099 the Cleaver (Minotaur Fighter)            Turns: 5464, Time: 00:10:35

Health: 0/64       AC: 12    Str: 22    XL:     8   Next: 90%
Magic:  7/7        EV: 13    Int:  5    God:    Okawaru [......]
Gold:   349        SH:  4    Dex: 11    Spells: 7/7 levels left

rFire   . . .        a - +0 war axe
rCold   . . .        c - +0 buckler
rNeg    + . .        l - +0 chain mail
rPois   .            (helmet restricted)
rElec   .            u - +0 cloak {Will+}
rCorr   .            o - +1 Delatra's gloves {ID++}
SInv    .            (no boots)
Will    +....        (no amulet) Stlth
                     e - +5 ring of evasion
HPRegen 0.30/turn    b - ring of positive energy
MPRegen 0.10/turn

%: no passive effects
@: lethally poisoned (0 -> -7), slowed, very slow
A: horns 2, retaliatory headbutt
a: Renounce Religion


You were on level 8 of the Dungeon.
You worshipped Okawaru.
Okawaru was noncommittal.
You visited 2 branches of the dungeon, and saw 9 of its levels.

You collected 375 gold pieces.
You spent 26 gold pieces at shops.

Inventory:

Hand Weapons
 a - a +0 war axe (weapon)
Armour
 c - a +0 buckler (worn)
 l - a +0 chain mail (worn)
 o - the +1 Delatra's gloves (worn) {ID++}
   (You found it on level 2 of the Dungeon)

   ID++:      It heals its wearer when they drink unknown potions, and restores
   their MP when they read unknown scrolls.
 u - a +0 cloak of willpower (worn)
 w - a +0 plate armour
Jewellery
 b - a ring of positive energy (right hand)
 e - a +5 ring of evasion (left hand)
Talismans
 i - a flux talisman
Wands
 p - a wand of polymorph (9)
Scrolls
 h - 4 scrolls of enchant armour {unknown}
 k - 8 scrolls of teleportation
 n - 2 scrolls of fog {unknown}
 r - 2 scrolls of identify
 s - 2 scrolls of blinking {unknown}
 t - 2 scrolls of poison {unknown}
 x - a scroll of immolation {unknown}
 y - a scroll of silence {unknown}
Potions
 d - a potion of might
 f - 4 potions of resistance {unknown}
 g - 4 potions of curing
 j - 3 potions of invisibility {unknown}
 m - 3 potions of enlightenment {unknown}
 q - 4 potions of haste {unknown}
 v - a potion of lignification {unknown}


   Skills:
 - Level 3.6 Fighting
 + Level 13.8 Axes
 - Level 3.6 Armour
 - Level 3.6 Shields


You had 7 spell levels left.
You didn't know any spells.
Your spell library contained the following spells:

 Spells                   Type           Power      Damage    Failure   Level
 Ozocubu's Armour         Ice            0%         N/A       100%        3
 Metabolic Englaciation   Hex/Ice        0%         N/A       100%        5
 Summon Ice Beast         Ice/Summ       Unusable   N/A       N/A         4
 Summon Mana Viper        Hex/Summ       Unusable   N/A       N/A         5
 Simulacrum               Ice/Necr       Unusable   N/A       N/A         6
 Monstrous Menagerie      Summ           Unusable   N/A       N/A         7

Dungeon Overview and Level Annotations

Branches:
Dungeon (8/15)             Temple (1/1) D:7
   Lair: D:8-11

Altars:
Ashenzari
Cheibriados
Dithmenos
Elyvilon
Fedhas
Gozag
Hepliaklqana
Kikubaaqudgha
Makhleb
Okawaru
Qazlal
Ru
Sif Muna
Trog
Uskayaw
Vehumet
Wu Jian
Xom
Yredelemnul
Zin
The Shining One

Shops:
D:6 ?


Innate Abilities, Weirdness & Mutations

You have a pair of horns on your head.
You reflexively headbutt those who attack you in melee.


Message History

A two-headed ogre comes into view. It is wielding two +0 giant clubs.
Found a scroll of teleportation.
You feel very sick.
The two-headed ogre shouts in stereo!
You slash the kobold!
You kill the kobold!
Okawaru accepts your kill.
You feel sick.
You feel sick.
The kobold brigand throws a curare-tipped dart.
The curare-tipped dart hits you.
You are more poisoned.
You have difficulty breathing.
You feel as though you will be slow longer.
You feel very sick.
You feel very sick.
The kobold throws a stone.
The stone barely misses you.
You feel very sick. The two-headed ogre closely misses you.
The two-headed ogre barely misses you.
You feel sick.
The kobold throws a stone.
You block the stone. The two-headed ogre barely misses you.
The two-headed ogre hits you but does no damage.
You feel sick.
You feel sick.
You feel sick.
You are no longer poisoned.
The two-headed ogre attacks as it pursues you!
The two-headed ogre hits you with a +0 giant club! x2
* * * LOW HITPOINT WARNING * * *
The kobold brigand attacks as it pursues you!
You block the kobold brigand's attack.
The two-headed ogre attacks as it pursues you!
The two-headed ogre barely misses you.
The two-headed ogre hits you with a +0 giant club!
* * * LOW HITPOINT WARNING * * *
The kobold brigand throws a curare-tipped dart.
The curare-tipped dart hits you.
You are poisoned.
You have difficulty breathing.
You die...

................
.......................
........................
...................$....
........................
........................
........................
.......@.O..............
.........K.K.....!......
........................
............†...........
.............>....).....
........................
.......................(
........................
.......................


You could see a two-headed ogre, a kobold brigand and a kobold.

Vanquished Creatures
  2 wyverns
  An ice beast (D:7)
  A sky beast (D:7)
  2 black bears
  An ogre (D:4)
  2 phantoms
  A kobold brigand (D:7)
  2 scorpions
  3 wights (D:6)
  A jelly (D:6)
  2 hounds
  An orc priest (D:7)
  Ijyb (D:3)
  Crazy Yiuf (D:5)
  3 iguanas
  6 orc wizards
  4 gnolls (D:7)
  11 adders
  2 white imps (D:7)
  3 worms
  2 dart slugs (D:1)
  15 orcs
  2 ball pythons
  5 endoplasms
  2 giant cockroaches (D:3)
  5 goblins
  4 hobgoblins
  8 kobolds
  4 quokkas
  A bat (D:2)
  A frilled lizard (D:2)
  A rat (D:1)
100 creatures vanquished.

Notes
Turn   | Place    | Note
-------+----------+-------------------------------------------
     0 | D:1      | Darius099 the Minotaur Fighter began the quest for the Orb.
     0 | D:1      | Reached XP level 1. HP: 19/19 MP: 0/0
   102 | D:1      | Reached skill level 3 in Axes
   168 | D:1      | Reached XP level 2. HP: 26/26 MP: 1/1
   426 | D:1      | Found a faded altar of an unknown god.
   462 | D:1      | Reached skill level 4 in Axes
  1015 | D:2      | Reached XP level 3. HP: 31/31 MP: 2/2
  1067 | D:2      | Reached skill level 5 in Axes
  1068 | D:2      | Found the +1 Delatra's gloves {ID++}
  1262 | D:3      | Noticed Ijyb
  1295 | D:3      | Killed Ijyb
  1296 | D:3      | Reached XP level 4. HP: 39/39 MP: 3/3
  1499 | D:3      | Reached skill level 6 in Axes
  1878 | D:4      | Reached XP level 5. HP: 45/45 MP: 4/4
  1890 | D:4      | You fall into a shaft and drop 1 floor!
  1890 | D:5      | Entered Level 5 of the Dungeon
  2181 | D:4      | Reached skill level 7 in Axes
  2441 | D:4      | Noticed an ogre
  2447 | D:4      | Killed an ogre
  2448 | D:4      | Reached skill level 8 in Axes
  2448 | D:4      | Reached XP level 6. HP: 40/51 MP: 5/5
  3025 | D:5      | Reached skill level 9 in Axes
  3039 | D:5      | Reached XP level 7. HP: 57/57 MP: 6/6
  3187 | D:5      | Found a runed translucent door.
  3188 | D:5      | Noticed Crazy Yiuf
  3240 | D:5      | Killed Crazy Yiuf
  3354 | D:6      | Reached skill level 10 in Axes
  3650 | D:6      | Reached skill level 11 in Axes
  3667 | D:6      | Reached XP level 8. HP: 62/64 MP: 7/7
  3921 | D:6      | Found Soqav's Magic Scroll Shoppe.
  3928 | D:6      | Bought a scroll of identify for 26 gold pieces
  3974 | D:6      | Found a snail-covered altar of Cheibriados.
  3981 | D:6      | Found a hide-covered altar of Uskayaw.
  3986 | D:6      | Found a hazy altar of Hepliaklqana.
  3997 | D:6      | Found a shimmering altar of Xom.
  4004 | D:6      | Found a sacrificial altar of Ru.
  4010 | D:6      | Found a blossoming altar of Fedhas.
  4017 | D:6      | Found a radiant altar of Vehumet.
  4429 | D:7      | Reached skill level 12 in Axes
  4754 | D:7      | Reached skill level 13 in Axes
  5201 | D:7      | Identified the +5 mace of Erol {drain, rF+ rN++ Stlth+}
  5339 | D:7      | Found a staircase to the Ecumenical Temple.
  5371 | Temple   | Entered the Ecumenical Temple
  5379 | Temple   | Became a worshipper of Warmaster Okawaru
  5453 | D:8      | Noticed a two-headed ogre
  5464 | D:8      | Asphyxiated

Illustrated notes

Levels and vault maps discovered:
D:1:      dpeg_arrival_snail, layout_loops_ring, basic_ecumenical_altar
D:2:      layout_rooms, pf_guarded_unrand_delatra
D:3:      layout_basic, uniq_ijyb
D:4:      layout_loops_cross
D:5:      layout_loops_ring, uniq_crazy_yiuf_cottage
D:6:      layout_basic, grunt_temple_overflow_octagram, serial_shops, shop
D:7:      layout_loops_corners, minmay_temple_entry_poolview,
          minmay_misc_feat_more_columns, kennysheep_generic_room_10
D:8:      layout_layer_cave, nicolae_twisty_statue_hallways
Temple:   nicolae_temple_great_sept

Skill      XL: |  1  2  3  4  5  6  7  8 |
---------------+-------------------------+-----
Axes           | 3 4 5 6 8 9 11 13 | 13.8
Fighting       | |  3.6
Armour         | |  3.6
Shields        | |  3.6

Action                     |  1- 3 |  4- 6 |  7- 9 || total
---------------------------+-------+-------+-------++-------
  Melee: War axe           |    43 |    67 |   145 ||   255
         Headbutt          |     7 |    13 |    20 ||    40
         Unarmed           |    13 |       |       ||    13
    Use: Scroll            |       |       |     2 ||     2
   Stab: Confused          |     1 |       |       ||     1
 Armour: Scale mail        |     7 |       |       ||     7
         Chain mail        |    12 |    23 |    68 ||   103
         Skin              |     2 |       |       ||     2
  Dodge: Dodged            |    33 |    52 |    70 ||   155
  Block: Buckler           |     8 |    14 |    28 ||    50

Table legend: (Time is in decaauts)
 A = Elapsed time spent in this place.
 B = Non-inter-level travel time spent in this place.
 C = Inter-level travel time spent in this place.
 D = Time resting spent in this place.
 E = Time spent auto-exploring this place.
 F = Levels seen in this place.
 G = Mean time per level.
                   A        B        C        D        E       F      G
               +--------+--------+--------+--------+--------+-----+--------+
         Total |   5487 |   5235 |    252 |    342 |   3899 |   9 |  609.7 |
       Dungeon |   5470 |   5218 |    252 |    342 |   3899 |   8 |  683.8 |
        Temple |     16 |     16 |      0 |      0 |      0 |   1 |   16.0 |
               +--------+--------+--------+--------+--------+-----+--------+

Top non-repeatable levels by time:
     D:6: 1058 daAuts
     D:7: 1034 daAuts
     D:5: 811 daAuts
     D:4: 659 daAuts
     D:3: 648 daAuts
     D:1: 645 daAuts
     D:2: 581 daAuts
     D:8: 31 daAuts
  Temple: 16 daAuts
